 Dungeon Crawl Stone Soup version 0.19.5 (webtiles) character file.

0 Gargoyl the Skirmisher (level 1, -21/19 HPs)
             Began as a Ghoul Abyssal Knight on Mar 27, 2017.
             Was a Follower of Lugonu.
             Killed from afar by a hell hog (39 damage)
             ... with a fireball
             ... on level 2 of the Abyss.
             The game lasted 00:01:08 (200 turns).

Gargoyl the Skirmisher (Ghoul Abyssal Knight)        Turns: 200, Time: 00:01:09

Health: -21/19     AC:  3    Str: 15    XL:     1   Next: 0%
Magic:  1/1        EV: 11    Int:  7    God:    Lugonu [*.....]
Gold:   41         SH:  0    Dex:  8    Spells: 0 memorised, 0 levels left

rFire  . . .     SeeInvis .     a - +1 hand axe
rCold  + . .     Gourm    .     b - +0 leather armour
rNeg   + + +     Faith    .     (no shield)
rPois  ∞         Spirit   .     (no helmet)
rElec  .         Reflect  .     (no cloak)
rCorr  .         Harm     .     (no gloves)
MR     .....     Rnd*Tele +     (no boots)
Stlth  +.........               (no amulet)
                                (no ring)
                                d - ring of teleportation (curse)

@: very slightly contaminated, rotting, hasted, very quick
A: rotting body, claws 1, carnivore 3, cold resistance 1, negative energy
resistance 3, slow regeneration 1, torment resistance, unbreathing
a: Depart the Abyss, Renounce Religion


You were on level 2 of the Abyss.
You worshipped Lugonu.
Lugonu was aware of your devotion.
You were not hungry.

You visited 0 branches of the dungeon, and saw 0 of its levels.
You visited the Abyss 1 time.

You collected 41 gold pieces.

Inventory:

Hand Weapons
 a - a +1 hand axe (weapon)
Armour
 b - a +0 leather armour (worn)
Jewellery
 d - a cursed ring of teleportation (left claw)
Potions
 e - a potion of haste
 f - a potion of degeneration {unknown}
Comestibles
 c - a meat ration


   Skills:
 + Level 3.2 Fighting
 + Level 1.7 Axes
 + Level 1.7 Armour
 + Level 0.8 Dodging
 + Level 2.0 Invocations


You couldn't memorise any spells.
You didn't know any spells.

Dungeon Overview and Level Annotations

Branches:
Dungeon (0/15)

Altars:


Innate Abilities, Weirdness & Mutations

Your body is rotting away.
You thrive on raw meat.
You are immune to poison.
You have sharp fingernails.
You are carnivorous and can eat meat at any time.
Your flesh is cold resistant. (rC+)
You are immune to negative energy. (rN+++)
You regenerate slowly when monsters are visible.
You are immune to unholy pain and torment.
You can survive without breathing.


Message History

2 starspawn tentacles come into view.
The starspawn tentacle grabs you. The starspawn tentacle constricts you.
The starspawn tentacle's grasp on you weakens, but your attempt to escape fails.
You escape the starspawn tentacle's grasp.
A starspawn tentacle segment comes into view.
Found a glowing yellow potion.
A raiju comes into view.
The raiju barks!
A golden eye comes into view. 3 golden eyes come into view.
The golden eye turns its gaze towards you. x3
The golden eye blinks!
Found a whip.
A large abomination comes into view.
A hell hog comes into view.
The hell hog squeals angrily.
The hell hog breathes fire at you.
The fireball explodes!
The fireball engulfs you!
Ouch! That really hurt!
You die...

##. G G . #. ... .#G
### ... ..###.# ..#
... #.#..### ##.. X.#
#.#.#.## ##.# #.###
#..#.#....#.. #
#...###....##..#.#..
#..##.....#.#....##...
#.)..@..##..#..### !..
#.#.##......#.#.# # .
#..####.#..# #.. ..#.
#..#...# ...
..####h##..... .#.#
.#. .. ###..#...# . ##
.#### .. # #.


You could see a hell hog.

Vanquished Creatures (others)
  2 starspawn tentacles (Abyss:2)
2 creatures vanquished.

Notes
Turn   | Place    | Note
-------+----------+-------------------------------------------
     0 | Abyss:1  | Gargoyl the Ghoul Abyssal Knight began the quest for the Orb.
     0 | Abyss:1  | Reached XP level 1. HP: 19/19 MP: 1/1
    27 | Abyss:1  | Noticed a starcursed mass
    78 | Abyss:2  | Noticed a chaos spawn
    78 | Abyss:2  | Noticed a chaos spawn
    78 | Abyss:2  | Noticed a chaos spawn
    79 | Abyss:2  | Noticed a chaos spawn
    79 | Abyss:2  | Noticed a chaos spawn
    82 | Abyss:2  | Found a corrupted altar of Lugonu.
   119 | Abyss:2  | Noticed a titan skeleton
   121 | Abyss:2  | Noticed a large abomination
   166 | Abyss:2  | Noticed a tentacled starspawn
   184 | Abyss:2  | Noticed a raiju
   194 | Abyss:2  | Noticed a golden eye
   195 | Abyss:2  | Noticed a golden eye
   195 | Abyss:2  | Noticed a golden eye
   195 | Abyss:2  | Noticed a golden eye
   200 | Abyss:2  | Noticed a large abomination
   200 | Abyss:2  | Noticed a hell hog
   200 | Abyss:2  | Killed from afar by a hell hog

Action                   || total
-------------------------++-------
  Use: Scroll            ||     1
       Potion            ||     1
